 Dungeon Crawl Stone Soup version 0.22-a0-389-g8519d86 (webtiles) character file.

47 Falco the Gusty (level 3, 0/19 HPs)
             Began as a Tengu Air Elementalist on May 1, 2018.
             Slain by a gnoll
             ... wielding a +0 spear
              (7 damage)
             ... on level 2 of the Dungeon.
             The game lasted 00:07:42 (1082 turns).

Falco the Gusty (Tengu Air Elementalist)            Turns: 1082, Time: 00:07:42

Health: 0/19       AC:  3    Str:  8    XL:     3   Next: 70%
Magic:  1/7        EV: 12    Int: 16    God:
Gold:   46         SH:  0    Dex: 14    Spells: 0/6 levels left

rFire    . . .     SeeInvis .   b - +0 short sword (flame)
rCold    . . .     Gourm    .   (no shield)
rNeg     . . .     Faith    .   g - +0 leather armour
rPois    .         Spirit   .   (helmet restricted)
rElec    .         Reflect  .   (no cloak)
rCorr    .         Harm     .   (no gloves)
MR       .....                  (boots unavailable)
Stlth    ++........             (no amulet)
HPRegen  0.06/turn              (no ring)
MPRegen  0.10/turn              (no ring)

@: no status effects
A: beak, talons 3
a: no special abilities


You were on level 2 of the Dungeon.
You were not hungry.

You visited 1 branch of the dungeon, and saw 2 of its levels.

You collected 46 gold pieces.

Inventory:

Hand Weapons
 b - a +0 short sword of flaming (weapon)
Missiles
 d - 13 stones (quivered)
 e - 4 tomahawks
 h - 14 poisoned needles
Armour
 a - a +0 robe
 g - a +0 leather armour (worn)
Scrolls
 i - a scroll of immolation {unknown}
 j - a scroll of identify {unknown}
 k - a scroll of fear {unknown}
Potions
 f - a potion of degeneration {unknown}
Comestibles
 c - 2 rations


   Skills:
 + Level 0.4 Short Blades
 + Level 1.2 Armour
 + Level 2.4 Dodging
 + Level 2.1 Stealth
 + Level 2.1 Spellcasting
 + Level 2.0 Conjurations
 + Level 5.0 Air Magic


You couldn't memorise any spells.
You knew the following spells:

 Your Spells              Type           Power        Failure   Level  Hunger
a - Shock                 Conj/Air       ##..         7%          1    #......
b - Swiftness             Chrm/Air       #.......     16%         2    ###....
c - Static Discharge      Conj/Air       ##......     21%         3    ###....


Dungeon Overview and Level Annotations

Branches:
Dungeon (2/15)

Altars:


Innate Abilities, Weirdness & Mutations

You have a beak for a mouth.
You have claws for feet.


Message History

You hit the gnoll. You burn the gnoll. Your peck misses the gnoll.
The gnoll is almost dead.
The gnoll barely misses you. x2
You closely miss the gnoll.
The gnoll is almost dead.
The gnoll hits you! The gnoll misses you.
You hit the gnoll but do no damage. Your peck misses the gnoll.
The gnoll is almost dead.
The gnoll closely misses you.
The gnoll hits you from afar with a spear.
The gnoll hits you.
A goblin comes into view. It is wielding a dagger of draining.
You barely miss the gnoll.
The gnoll is almost dead.
The gnoll barely misses you. The gnoll misses you.
You hit the gnoll but do no damage.
You kill the gnoll!
Your Armour skill increases to level 1!
The gnoll hits you from afar with a spear!
You die...

#..# .<# ..##.g.#
...#g..#
.#######......#
#.........g....#
#..###....w..#.
#..............#
#...##g######.##
#.....w)@...g...
#####..######.###
#... #.## #. #.
#.


You could see a worm, a gnoll and a goblin.

Vanquished Creatures
  A gnoll (D:2)
  A dart slug (D:1)
  3 leopard geckos
  A giant cockroach (D:2)
  4 goblins
  7 hobgoblins (D:1)
  4 bats (D:1)
  2 frilled lizards
  5 kobolds (D:1)
  4 rats
32 creatures vanquished.

Notes
Turn   | Place    | Note
-------+----------+-------------------------------------------
     0 | D:1      | Falco the Tengu Air Elementalist began the quest for the Orb.
     0 | D:1      | Reached XP level 1. HP: 10/10 MP: 4/4
   104 | D:1      | Reached XP level 2. HP: 15/15 MP: 0/6
   108 | D:1      | Learned a level 2 spell: Swiftness
   696 | D:1      | Reached XP level 3. HP: 19/19 MP: 5/7
   720 | D:1      | Learned a level 3 spell: Static Discharge
   809 | D:1      | Reached skill level 5 in Air Magic
  1082 | D:2      | Reached skill level 1 in Armour
  1082 | D:2      | Slain by a gnoll

Vault maps used:
D:1:      minmay_arrival_split_and_join
D:2:      minmay_overflow_temple_star_quad, uniq_sigmund

Skill      XL: |  1  2  3 |
---------------+----------+-----
Air Magic      | 5 |  5.0
Conjurations   | 2 |  2.0
Armour         | 1 |  1.2
Short Blades   | |  0.4
Dodging        | |  2.4
Stealth        | |  2.1
Spellcasting   | |  2.1

Action                   || total
-------------------------++-------
Melee: Short sword       ||    47
       Kick              ||    10
       Peck              ||     5
 Cast: Shock             ||    45
       Swiftness         ||     3
       Static Discharge  ||     1
  Eat: Ration            ||     1
Armor: Robe              ||     5
       Leather armour    ||     5
Dodge: Dodged            ||    31

Table legend:
 A = Spawn XP
 B = Non-spawn XP
 C = Spawn XP percentage of total XP
 D = Spawn monster count
 E = Non-spawn monster count
 F = Spawn count percentage of total count
 G = Total turns spent on level
                    A         B        C        D         E        F      G
               +---------+---------+-------+---------+---------+-------+---------
         Total |       0 |      68 |   0.0 |       0 |      32 |   0.0 |  1082
               +---------+---------+-------+---------+---------+-------+---------
           D:1 |       0 |      42 |   0.0 |       0 |      24 |   0.0 |  1046
           D:2 |       0 |      26 |   0.0 |       0 |       8 |   0.0 |    36
               +---------+---------+-------+---------+---------+-------+---------
